 Dungeon Crawl Stone Soup version 0.27-a0-1191-g601b473118 (webtiles) character file.

Game seed: 12482457959979325183

651 shoop the Skirmisher (level 7, -4/56 HPs)
             Began as a Demonspawn Delver on May 23, 2021.
             Was a Follower of Nemelex Xobeh.
             Slain by Edmund the centaur
             ... wielding a +6 flail of venom
              (12 damage)
             ... on level 6 of the Dungeon.
             The game lasted 00:12:44 (6204 turns).

shoop the Skirmisher (Demonspawn Delver)            Turns: 6204, Time: 00:12:45

Health: -4/56      AC:  5    Str: 14    XL:     7   Next: 28%
Magic:  10/10      EV: 12    Int: 11    God:    Nemelex Xobeh [*.....]
Gold:   281        SH:  0    Dex: 15    Spells: 3/8 levels left

rFire    . . .     SeeInvis +   q - +0 long sword
rCold    . . .     Faith    .   (no shield)
rNeg     . . .     Spirit   .   b - +0 leather armour
rPois    .         Reflect  .   (helmet restricted)
rElec    .         Harm     .   t - +0 cloak
rCorr    .         Rampage  .   (no gloves)
Will     .....                  i - +0 pair of boots
Stlth    +++.......             (no amulet)
HPRegen  0.18/turn              y - ring of see invisible
MPRegen  0.12/turn              (no ring)

@: lethally poisoned (-4 -> -20)
A: claws 2, hooves 1, horns 1, demonic guardian 1
a: Renounce Religion, Draw Escape, Draw Destruction, Draw Summoning


You were on level 6 of the Dungeon.
You worshipped Nemelex Xobeh.
Nemelex Xobeh was aware of your devotion.
You visited 2 branches of the dungeon, and saw 7 of its levels.

You collected 281 gold pieces.

Inventory:

Hand Weapons
 a - a +0 falchion
 q - a +0 long sword (weapon)
Missiles
 k - 3 curare-tipped darts
 m - 3 throwing nets
 s - 20 poisoned darts (quivered)
 w - 6 atropa-tipped darts
 B - 7 javelins
Armour
 b - a +0 leather armour (worn)
 i - a +0 pair of boots (worn)
 t - a +0 cloak (worn)
Magical Staves
 h - a staff of death
Jewellery
 y - a ring of see invisible (left claw)
Wands
 g - a wand of digging (3)
 l - a wand of polymorph (8)
Scrolls
 c - a scroll of fog
 d - a scroll of magic mapping
 e - a scroll of fear
 j - 3 scrolls of teleportation {unknown}
 n - a scroll of enchant armour {unknown}
 r - 5 scrolls of identify {unknown}
 u - a scroll of summoning {unknown}
 x - a scroll of torment {unknown}
 A - a scroll of noise {unknown}
 C - a scroll of acquirement {unknown}
 D - a scroll of vulnerability {unknown}
 E - a scroll of brand weapon {unknown}
Potions
 f - 5 potions of haste
 o - 2 potions of mutation {unknown}
 p - 2 potions of heal wounds {unknown}
 v - 4 potions of curing
 z - 2 potions of brilliance {unknown}


   Skills:
 - Level 5.0 Fighting
 - Level 2.0 Long Blades
 - Level 2.0 Throwing
 - Level 1.0 Armour
 - Level 2.0 Dodging
 - Level 4.5 Stealth
 + Level 1.0 Unarmed Combat
 - Level 1.0 Spellcasting
 - Level 3.3 Summonings
 - Level 0.9 Air Magic
 - Level 4.0 Invocations
 - Level 2.0 Evocations


You had 3 spell levels left.
You knew the following spells:

 Your Spells              Type           Power      Damage    Failure   Level
a - Call Imp              Summ           7%         N/A       16%         2
b - Swiftness             Air            2%         N/A       63%         3

Your spell library contained the following spells:

 Spells                   Type           Power      Damage    Failure   Level
 Summon Small Mammal      Summ           28%        N/A       10%         1
 Call Canine Familiar     Summ           7%         N/A       30%         3
 Shock                    Conj/Air       4%         1d3       32%         1
 Static Discharge         Conj/Air       1%         N/A       45%         2
 Summon Guardian Golem    Hex/Summ       4%         N/A       52%         3
 Summon Lightning Spire   Summ/Air       5%         N/A       85%         4
 Summon Ice Beast         Ice/Summ       4%         N/A       89%         4
 Airstrike                Air            1%         N/A       95%         4
 Lightning Bolt           Conj/Air       0%         1d11      100%        5


Dungeon Overview and Level Annotations

Branches:
Dungeon (6/15)             Temple (1/1) D:4

Altars:
Ashenzari
Cheibriados
Dithmenos
Fedhas
Hepliaklqana
Kikubaaqudgha
Makhleb
Nemelex Xobeh
Okawaru
Sif Muna
Trog
Vehumet
Xom
Zin

Annotations:
D:3 1 runed translucent door, Crazy Yiuf
D:6 exclusion: hydra, Edmund


Innate Abilities, Weirdness & Mutations

You have very sharp fingernails.
You have large cloven feet.
You have a pair of small horns on your head.
A weak demonic guardian rushes to your aid.


Message History

Aiming: Polymorph
Press: ? - help, Shift-Dir - straight line, f - Edmund
Aim: Edmund, wielding a +6 flail of venom and wearing a +2 chain mail of fire resistance (will become an acid dragon, a centaur, or a killer bee, chance to affect: 51%) Edmund evaporates and reforms as a centaur!
Edmund picks up a +6 flail of venom.
Edmund wields a +6 flail of venom.
It begins to drip with poison!
You barely miss Edmund. You headbutt Edmund.
Edmund is moderately wounded.
Edmund hits you with a +6 flail of venom.
You are poisoned.
Edmund barely misses you.
You hit Edmund.
Edmund is heavily wounded.
You feel very sick.
Edmund hits you with a +6 flail of venom!
You are more poisoned.
Edmund barely misses you.
Edmund hits you with a +6 flail of venom.
You are lethally poisoned!
Edmund kicks you but does no damage.
It was a potion of curing.
You feel better.
Edmund hits you with a +6 flail of venom!
You are poisoned.
Edmund barely misses you. x3
You barely miss Edmund.
Edmund is heavily wounded.
You feel very sick. Edmund misses you. Edmund kicks you but does no damage.
Edmund closely misses you. Edmund kicks you.
You slash Edmund!
Edmund is almost dead.
You feel very sick.
Edmund hits you with a +6 flail of venom!
* * * LOW HITPOINT WARNING * * *
A demonic guardian appears!
You are lethally poisoned!
Edmund kicks you but does no damage.
Edmund hits you with a +6 flail of venom!
You die...
Your body disappears without a glow.

### ... #+ ######
# #....c## #≈
#.####@# +.#
#.....#.# #§D#
#####5#.# ≈≈.
##.#.# #.###+
##....# #.....
#.#######.#.#.###
######
#................
.
#####.###.#.#.###
# #.# ##...## #.
###


You could see Edmund the centaur (ally target) and a friendly iron imp
(summoned, wandering).

Vanquished Creatures
  A black bear (D:6)
  A scorpion (D:6)
  A centaur zombie (D:5)
  2 hounds
  3 orc priests
  A centaur skeleton (D:5)
  An iguana (D:5)
  An orc wizard (D:3)
  3 gnolls
  5 adders (D:2)
  A worm (D:3)
  A dart slug (D:1)
  7 orcs
  7 bats
  12 endoplasms
  8 giant cockroaches
  13 goblins
  4 hobgoblins
  18 jackals
  5 quokkas (D:1)
  6 ball pythons
  4 frilled lizards
  9 kobolds
  9 rats
123 creatures vanquished.

Vanquished Creatures (collateral kills)
  A water moccasin skeleton (D:5)
  An orc (D:5)
  2 goblins (D:4)
4 creatures vanquished.

Vanquished Creatures (others)
  3 fungi (D:3)
3 creatures vanquished.

Grand Total: 130 creatures vanquished

Notes
Turn   | Place    | Note
-------+----------+-------------------------------------------
     0 | D:5      | shoop the Demonspawn Delver began the quest for the Orb.
     0 | D:5      | Reached XP level 1. HP: 18/18 MP: 1/1
   291 | D:3      | Gained mutation: You have large cloven feet. [demonic
                  | ancestry]
   291 | D:3      | Reached XP level 2. HP: 23/24 MP: 2/2
   372 | D:3      | Reached skill level 1 in Throwing
   433 | D:2      | Reached skill level 1 in Evocations
   459 | D:1      | Gained mutation: You have a pair of small horns on your
                  | head. [demonic ancestry]
   459 | D:1      | Reached XP level 3. HP: 25/29 MP: 3/3
   773 | D:1      | Found a faded altar of an unknown god.
  1388 | D:2      | Reached XP level 4. HP: 35/35 MP: 4/4
  1397 | D:2      | Reached skill level 1 in Armour
  1592 | D:2      | Reached skill level 1 in Spellcasting
  1595 | D:2      | Learned a level 2 spell: Call Imp
  1648 | D:2      | Reached skill level 1 in Summonings
  1940 | D:2      | Gained mutation: You have sharp fingernails. [demonic
                  | ancestry]
  1940 | D:2      | Reached XP level 5. HP: 39/41 MP: 6/6
  3330 | D:3      | Found a bloodstained altar of Trog.
  3444 | D:3      | Found a runed translucent door.
  3445 | D:3      | Noticed Crazy Yiuf
  4144 | D:4      | Found a staircase to the Ecumenical Temple.
  4151 | Temple   | Entered the Ecumenical Temple
  4234 | Temple   | Became a worshipper of Nemelex Xobeh the Trickster
  4268 | D:4      | Gained mutation: A weak demonic guardian rushes to your
                  | aid. [demonic ancestry]
  4268 | D:4      | Reached XP level 6. HP: 47/47 MP: 7/7
  4495 | D:4      | Reached skill level 1 in Invocations
  4970 | D:5      | Reached skill level 4 in Fighting
  5267 | D:5      | Reached * piety under Nemelex Xobeh
  5460 | D:5      | Learned a level 3 spell: Swiftness
  5927 | D:6      | Gained mutation: You have very sharp fingernails. [demonic
                  | ancestry]
  5927 | D:6      | Reached XP level 7. HP: 55/55 MP: 9/9
  5942 | D:6      | Received a gift from Nemelex Xobeh
  5999 | D:6      | Noticed a four-headed hydra
  6039 | D:6      | Reached skill level 5 in Fighting
  6039 | D:6      | Reached skill level 1 in Unarmed Combat
  6198 | D:6      | Noticed Edmund
  6199 | D:6      | Noticed Edmund
  6199 | D:6      | Edmund changed into Edmund the centaur
  6204 | D:6      | Slain by Edmund the centaur

Illustrated notes

Levels and vault maps discovered:
D:1:      mrwooster_arrival_statue_3, layout_loops_ring, basic_ecumenical_altar
D:2:      layout_loops_ring, kennysheep_cluttered_room, roderic_serpentine_path,
          minmay_tromino_v4_a
D:3:      layout_basic, trog_hazing_becter, uniq_crazy_yiuf_cottage
D:4:      layout_basic, minmay_temple_entry_junction
D:5:      layout_basic
D:6:      layout_loops_ring, kennysheep_mini, kennysheep_generic_room_13,
          uniq_edmund
Temple:   regret_index_temple_waves

Skill      XL: |  1  2  3  4  5  6  7 |
---------------+----------------------+-----
Long Blades    | 2 |  2.0
Dodging        | 2 |  2.0
Throwing       | 1 2 |  2.0
Evocations     | 1 2 |  2.0
Armour         | 1 |  1.0
Spellcasting   | 1 |  1.0
Summonings     | 2 3 |  3.3
Invocations    | 3 4 |  4.0
Fighting       | 4 5 |  5.0
Unarmed Combat | 1 |  1.0
Stealth        | |  4.5
Air Magic      | |  0.9

Action                   |  1- 3 |  4- 6 |  7- 9 || total
-------------------------+-------+-------+-------++-------
Melee: Falchion          |    28 |       |       ||    28
       Long sword        |    74 |   203 |    13 ||   290
       Headbutt          |    12 |    43 |     2 ||    57
Throw: Dart              |       |    19 |     9 ||    28
 Cast: Call Imp          |       |     8 |       ||     8
Evoke: Wand              |       |       |     1 ||     1
  Use: Potion            |       |       |     1 ||     1
 Stab: Sleeping          |    13 |     8 |       ||    21
       Distracted        |       |     2 |       ||     2
Armor: Leather armour    |    32 |    71 |     8 ||   111
Dodge: Dodged            |    77 |   138 |    14 ||   229
       Rpst.: Falchion   |     8 |       |       ||     8
       Long sword        |    13 |    33 |     2 ||    48

Table legend: (Time is in decaauts)
 A = Elapsed time spent in this place.
 B = Non-inter-level travel time spent in this place.
 C = Inter-level travel time spent in this place.
 D = Time resting spent in this place.
 E = Time spent auto-exploring this place.
 F = Levels seen in this place.
 G = Mean time per level.
                   A        B        C        D        E       F      G
               +--------+--------+--------+--------+--------+-----+--------+
         Total |   6301 |   5910 |    391 |    713 |   4132 |   7 |  900.1 |
       Dungeon |   6198 |   5822 |    376 |    713 |   4048 |   6 | 1033.0 |
        Temple |    102 |     87 |     15 |      0 |     84 |   1 |  102.0 |
               +--------+--------+--------+--------+--------+-----+--------+

Top non-repeatable levels by time:
     D:3: 1581 daAuts
     D:5: 1407 daAuts
     D:2: 1221 daAuts
     D:1: 946 daAuts
     D:4: 757 daAuts
     D:6: 285 daAuts
  Temple: 102 daAuts
